 Dungeon Crawl Stone Soup version 0.29.1-15-g9cfb28693d (webtiles) character file.

Game seed: 106775759815801774

259 Eitelfritz the Chiller (level 5, -3/36 HPs)
             Began as a Demonspawn Ice Elementalist on Mar 8, 2023.
             Slain by a gnoll
             ... wielding a +0 flail
              (8 damage)
             ... on level 2 of the Dungeon.
             The game lasted 00:10:56 (2453 turns).

Eitelfritz the Chiller (DsIE)                       Turns: 2453, Time: 00:10:58

Health: -3/36      AC:  6    Str: 10    XL:     5   Next: 94%
Magic:  1/10       EV: 12    Int: 17    God:
Gold:   113        SH:  0    Dex: 13    Spells: 4/11 levels left

rFire   . . .      SeeInvis .   a - +7 mace of the Undead {freeze, rC+ Stlth+}
rCold   + . .      Faith    .   (no shield)
rNeg    . . .      Spirit   .   s - +0 robe
rPois   .          Reflect  .   (no helmet)
rElec   .          Harm     .   n - +0 cloak
rCorr   .          Rampage  .   (no gloves)
Will    .....                   (no boots)
Stlth   +++.......              (no amulet)
HPRegen 0.12/turn               e - ring of flight
MPRegen 0.12/turn               (no ring)

@: flying
A: claws 1, yellow scales 2
a: no special abilities


You were on level 2 of the Dungeon.
You visited 1 branch of the dungeon, and saw 3 of its levels.

You collected 113 gold pieces.

Inventory:

Hand Weapons
 a - the +7 mace of the Undead (weapon) {freeze, rC+ Stlth+}
   (You found it on level 2 of the Dungeon)

   It freezes those it strikes, dealing additional cold damage.
   It can also slow down cold-blooded creatures.
   rC:        It protects you from cold.
   Stlth:     It makes you more stealthy.
 d - a +0 dagger
 v - a +1 dagger of venom
 w - a +0 sling
Armour
 n - a +0 cloak (worn)
 s - a +0 robe (worn)
Magical Staves
 q - a staff of poison
Jewellery
 e - a ring of flight (left claw)
Scrolls
 c - 2 scrolls of blinking {unknown}
 g - a scroll of silence {unknown}
 h - a scroll of poison {unknown}
 j - 2 scrolls of teleportation {unknown}
 k - 2 scrolls of identify {unknown}
 m - a scroll of vulnerability {unknown}
 o - a scroll of butterflies {unknown}
 p - a scroll of noise {unknown}
 r - 3 scrolls of immolation {unknown}
Potions
 b - a potion of magic
 f - 2 potions of might {unknown}
 i - a potion of curing {unknown}
 l - a potion of haste {unknown}
 t - a potion of degeneration {unknown}
 u - a potion of heal wounds {unknown}


   Skills:
 + Level 0.6 Fighting
 + Level 0.3 Short Blades
 + Level 1.1 Maces & Flails
 + Level 2.1 Dodging
 + Level 2.8 Stealth
 + Level 3.6 Spellcasting
 + Level 4.8 Ice Magic


You had 4 spell levels left.
You knew the following spells:

 Your Spells              Type           Power      Damage    Failure   Level
a - Freeze                Ice            76%        1d9       2%          1
b - Frozen Ramparts       Ice            38%        1d6       7%          3
c - Ozocubu's Armour      Ice            19%        N/A       7%          3

Your spell library contained the following spells:

 Spells                   Type           Power      Damage    Failure   Level
 Necrotise                Necr           12%        1d4       17%         1
 Vampiric Draining        Necr           3%         2d6       45%         3
 Hailstorm                Conj/Ice       11%        3d5       52%         4
 Agony                    Necr           3%         N/A       99%         5


Dungeon Overview and Level Annotations

Branches:
Dungeon (3/15)

Altars:
Uskayaw

Shops:
D:1 :


Innate Abilities, Weirdness & Mutations

You have sharp fingernails.
You are mostly covered in yellow scales. (AC +3)


Message History

Casting: Freeze (safe; 2% risk of failure)
Confirm with . or Enter, or press ? or * to list all spells.
Aiming: Freeze (safe; 2% risk of failure)
Press: ? - help, Shift-Dir - straight line, f/p - gnoll
Aim: a gnoll, wielding a +3 flail (severely wounded)
You freeze the gnoll!
You kill the gnoll!
Casting: Freeze (safe; 2% risk of failure)
Confirm with . or Enter, or press ? or * to list all spells.
Aiming: Freeze (safe; 2% risk of failure)
Press: ? - help, Shift-Dir - straight line, f - gnoll
Aim: a gnoll, wielding a +0 flail You freeze the gnoll.
The gnoll is heavily wounded.
The gnoll hits you with a +0 flail.
* * * LOW HITPOINT WARNING * * *
You barely miss the gnoll.
The gnoll is heavily wounded.
The gnoll closely misses you. The gnoll barely misses you.
The gnoll attacks as you move away! The gnoll closely misses you.
There is a stone staircase leading up here.
The gnoll hits you but does no damage.
You fly upwards.
There is a stone staircase leading down here.
You hit the gnoll. You freeze the gnoll.
The gnoll is severely wounded.
The gnoll hits you with a +0 flail!
* * * LOW HITPOINT WARNING * * *
You barely miss the gnoll.
The gnoll is severely wounded.
The gnoll misses you. The gnoll barely misses you.
Casting: Freeze (safe; 2% risk of failure)
Confirm with . or Enter, or press ? or * to list all spells.
Aiming: Freeze (safe; 2% risk of failure)
Press: ? - help, Shift-Dir - straight line, f - gnoll
Aim: a gnoll, wielding a +0 flail (severely wounded)
You freeze the gnoll.
The gnoll is severely wounded.
The gnoll hits you with a +0 flail!
You die...

##################
#................#
###.#####..........#
#.#.#.#.....)......#
#####.#.@...##.........#
#........g..#..........#
#.###..................#
#.##.....#.............#
###......................#
#......###.#....###.######
#...............# #....#
#.._...###..#..#######.#
#......# #.............#


You could see a gnoll.

Vanquished Creatures
  A black bear (D:3)
  A jelly (D:3)
  5 gnolls (D:3)
  4 adders
  2 worms (D:2)
  10 bats
  2 endoplasms
  4 goblins
  4 hobgoblins
  6 kobolds
  5 quokkas
  3 ball pythons
  4 frilled lizards
  7 rats
58 creatures vanquished.

Vanquished Creatures (others)
  8 plants (D:3)
8 creatures vanquished.

Grand Total: 66 creatures vanquished

Notes
Turn   | Place    | Note
-------+----------+-------------------------------------------
     0 | D:1      | Eitelfritz the Demonspawn Ice Elementalist began the quest
                  | for the Orb.
     0 | D:1      | Reached XP level 1. HP: 13/13 MP: 3/3
    96 | D:1      | Found Doecu's Book Shop.
   426 | D:1      | Reached skill level 4 in Ice Magic
   426 | D:1      | Gained mutation: You are partially covered in yellow
                  | scales. (AC +2) [demonic ancestry]
   426 | D:1      | Reached XP level 2. HP: 19/19 MP: 1/5
   707 | D:1      | Noticed a golden eye
   709 | D:1      | Found a faded altar of an unknown god.
   710 | D:1      | Noticed a shining eye
   710 | D:1      | Noticed a floating eye
   710 | D:1      | Noticed a golden eye
  1113 | D:2      | Gained mutation: You are mostly covered in yellow scales.
                  | (AC +3) [demonic ancestry]
  1113 | D:2      | Reached XP level 3. HP: 23/24 MP: 3/6
  1189 | D:2      | Learned a level 3 spell: Frozen Ramparts
  1683 | D:2      | Reached XP level 4. HP: 29/30 MP: 4/8
  1774 | D:2      | Identified the +7 mace of the Undead {freeze, rC+ Stlth+}
  1841 | D:2      | Found a hide-covered altar of Uskayaw.
  2060 | D:3      | Learned a level 3 spell: Ozocubu's Armour
  2409 | D:3      | Gained mutation: You have sharp fingernails. [demonic
                  | ancestry]
  2409 | D:3      | Reached XP level 5. HP: 35/36 MP: 9/9
  2425 | D:3      | Noticed a black bear
  2434 | D:3      | Killed a black bear
  2435 | D:3      | Reached skill level 1 in Maces & Flails
  2453 | D:2      | Slain by a gnoll

Illustrated notes

Levels and vault maps discovered:
D:1:      onia_arrival_mini_spirals, layout_basic,
          hellmonk_ecumenical_altar_watching_god, serial_shops,
          nicolae_shop_stone
D:2:      layout_basic, basic_altar
D:3:      layout_loops_ring, nicolae_overflow_hidden_temple,
          nicolae_hepliaklqana_hazy_memory, uniq_robin

Skill      XL: |  1  2  3  4  5 |
---------------+----------------+-----
Ice Magic      | 4 |  4.8
Stealth        | 2 |  2.8
Spellcasting   | 3 |  3.6
Maces & Flails | 1 |  1.1
Dodging        | 2 |  2.1
Fighting       | |  0.6
Short Blades   | |  0.3

Action                   |  1- 3 |  4- 6 || total
-------------------------+-------+-------++-------
Melee: Dagger            |    27 |     1 ||    28
       Unarmed           |     1 |       ||     1
       Mace              |       |    19 ||    19
 Cast: Freeze            |    66 |    15 ||    81
       Frozen Ramparts   |       |     1 ||     1
 Stab: Sleeping          |     7 |     3 ||    10
Armor: Robe              |    19 |    15 ||    34
Dodge: Dodged            |    50 |    26 ||    76
